 Dungeon Crawl Stone Soup version 0.27.0-1-g7a089689b8 (webtiles) character file.

Game seed: 11890852672891197618

4 orehx the Digger (level 1, -1/11 HPs)
             Began as an Octopode Earth Elementalist on Aug 2, 2021.
             Slain by a jackal (2 damage)
             ... on level 1 of the Dungeon.
             The game lasted 00:02:14 (322 turns).

orehx the Digger (Octopode Earth Elementalist)       Turns: 322, Time: 00:02:15

Health: -1/11      AC:  1    Str:  7    XL:     1   Next: 60%
Magic:  1/3        EV: 13    Int: 17    God:
Gold:   22         SH:  0    Dex: 12    Spells: 3/4 levels left

rFire    . . .     SeeInvis .   (no weapon)
rCold    . . .     Faith    .   (no shield)
rNeg     . . .     Spirit   .   (helmet restricted)
rPois    .         Reflect  .   (no amulet)
rElec    .         Harm     .   (no ring)
rCorr    .         Rampage  .   (no ring)
Will     .....                  (no ring)
Stlth    +++.......             (no ring)
HPRegen  0.03/turn              (no ring)
MPRegen  0.08/turn              (no ring)
                                (no ring)
                                (no ring)

@: no status effects
A: almost no armour, amphibious, 8 rings, camouflage 1, gelatinous body 1,
(nimble swimmer 1), tentacles
a: no special abilities


You were on level 1 of the Dungeon.
You visited 1 branch of the dungeon, and saw 1 of its levels.

You collected 22 gold pieces.

Inventory:

Missiles
 b - 26 stones


   Skills:
 + Level 2.0 Dodging
 + Level 2.6 Stealth
 + Level 2.0 Spellcasting
 + Level 1.0 Transmutations
 + Level 3.3 Earth Magic


You had 3 spell levels left.
You knew the following spells:

 Your Spells              Type           Power      Damage    Failure   Level
a - Sandblast             Erth           24%        2d8       4%          1

Your spell library contained the following spells:

 Spells                   Type           Power      Damage    Failure   Level
 Passwall                 Tmut/Erth      7%         N/A       12%         2
 Stone Arrow              Conj/Erth      14%        3d7       30%         3
 Petrify                  Tmut/Erth      9%         N/A       63%         4


Dungeon Overview and Level Annotations

Branches:
Dungeon (1/15)

Altars:


Innate Abilities, Weirdness & Mutations

You cannot wear most types of armour.
You are amphibious.
You can wear up to eight rings at the same time.
Your skin changes colour to match your surroundings (Stealth+).
Your rubbery body absorbs attacks. (AC +1, EV +1)
((You are camouflaged near water. (Stealth+)))
You have tentacles for arms and can constrict up to eight enemies at once.


Message History

The blast of sand misses the jackal.
You constrict the jackal, but do no damage.
The jackal misses you. The jackal bites you. The jackal closely misses you.
Casting: Sandblast (safe; 5% risk of failure)
Confirm with . or Enter, or press ? or * to list all spells.
Aiming: Sandblast (safe; 5% risk of failure)
Press: ? - help, Shift-Dir - straight line, f/p - jackal
Aim: a jackal (moderately wounded, 74% to hit)
The blast of sand misses the jackal.
You constrict the jackal, but do no damage.
The jackal misses you. The jackal bites you.
* * * LOW HITPOINT WARNING * * *
You release your grip on the jackal.
You closely miss the jackal. You grab the jackal.
The jackal is moderately wounded.
You constrict the jackal, but do no damage.
The jackal bites you.
* * * LOW HITPOINT WARNING * * *
The jackal completely misses you.
You release your grip on the jackal.
The jackal closely misses you.
You completely miss the jackal. Your grab misses the jackal.
The jackal is moderately wounded.
The jackal bites you but does no damage.
You closely miss the jackal. Your grab misses the jackal.
You squeeze the jackal.
The jackal is almost dead.
The jackal completely misses you. The jackal misses you.
You tentacle-slap the jackal but do no damage.
You grab the jackal.
The jackal is almost dead.
You constrict the jackal, but do no damage.
The jackal bites you but does no damage.
You tentacle-slap the jackal but do no damage.
The jackal is almost dead.
You constrict the jackal.
You kill the jackal!
You barely miss the jackal. Your grab misses the jackal.
The jackal is heavily wounded.
The jackal bites you.
You die...

#.....# ...h.##+### #.....#
..h.......# #.....# ....h.....#
#.....# ..........## #.....#
.........# ###
######.....#######......#
..###...##.....'............#
....'...##.....####.........#
..###...##.#...h@.#...#....####
..# #..[##.#.####.#...........#
..# #...##.#.####.#...####.##.#
.## #......#....#.#....
...##.### .#
########....#.###########....
.# #..'....#................ .#
#.##....#############.... .#
#.####### #.... ### #.# #....


You could see a jackal.

Vanquished Creatures
  An endoplasm (D:1)
  2 jackals (D:1)
3 creatures vanquished.

Notes
Turn   | Place    | Note
-------+----------+-------------------------------------------
     0 | D:1      | orehx the Octopode Earth Elementalist began the quest for
                  | the Orb.
     0 | D:1      | Reached XP level 1. HP: 11/11 MP: 3/3
   322 | D:1      | Slain by a jackal

Illustrated notes

Levels and vault maps discovered:
D:1:      giann_wishing_wells, layout_basic

Action                   || total
-------------------------++-------
Melee: Unarmed           ||    12
       Constrict         ||     4
       Tentacles         ||     1
 Cast: Sandblast         ||     4
Armor: Skin              ||     2
Dodge: Dodged            ||    15
